 Dungeon Crawl Stone Soup version 0.21.1-1-g345015f (webtiles) character file.

28475 Supreme the Eclecticist (level 13, 0/65 HPs)
             Began as a Deep Elf Wizard on Apr 24, 2018.
             Was a High Priest of Kikubaaqudgha.
             Shot with an arrow by Nessos (3 damage)
             ... on level 5 of the Lair of Beasts.
             The game lasted 04:22:58 (15360 turns).

Supreme the Eclecticist (Deep Elf Wizard)          Turns: 15360, Time: 04:22:58

Health: 0/65       AC: 14    Str:  4    XL:     13   Next: 10%
Magic:  31/37      EV: 15    Int: 29    God:    Kikubaaqudgha [*****.]
Gold:   688        SH:  0    Dex: 13    Spells: 4/49 levels left

rFire    . . .     SeeInvis .   i - +1 short sword (venom)
rCold    . . .     Gourm    .   (no shield)
rNeg     . . .     Faith    .   a - +0 robe
rPois    +         Spirit   .   v - +2 hat
rElec    .         Reflect  .   U - +0 cloak
rCorr    .         Harm     .   c - +2 pair of gloves
MR       +....                  (no boots)
Stlth    +++.......             y - amulet of rage
HPRegen  1.20/turn              n - +6 ring of protection
MPRegen  0.25/turn              f - ring of poison resistance

@: about to teleport, very slightly contaminated, regenerating
A: no striking features
a: Receive Corpses, Torment, Renounce Religion, Evoke Berserk Rage


You were on level 5 of the Lair of Beasts.
You worshipped Kikubaaqudgha.
Kikubaaqudgha was extremely pleased with you.
You were not hungry.

You visited 3 branches of the dungeon, and saw 16 of its levels.
You also visited: Labyrinth.

You collected 779 gold pieces.
You spent 91 gold pieces at shops.

Inventory:

Hand Weapons
 i - a +1 short sword of venom (weapon)
 k - a +0 blowgun
 m - a +0 falchion of flaming
Missiles
 g - 5 curare-tipped needles
 z - 42 poisoned needles
Armour
 a - a +0 robe (worn)
 c - a +2 pair of gloves (worn)
 v - a +2 hat (worn)
 U - a +0 cloak (worn)
Jewellery
 f - a ring of poison resistance (right hand)
 l - a cursed -3 ring of strength
 n - a +6 ring of protection (left hand)
 y - an amulet of rage (around neck)
 J - an uncursed ring of positive energy
Wands
 e - a wand of random effects (79)
 s - a wand of digging (13)
 A - a wand of clouds (7)
 K - a wand of iceblast (5)
 Q - a wand of flame (16)
 V - a wand of acid (13)
 Z - a wand of polymorph (15)
Scrolls
 b - a scroll of fear
 j - a scroll of teleportation
 M - 3 scrolls of magic mapping
Potions
 p - 5 potions of flight
 C - 5 potions of might
 F - 4 potions of lignification
 L - 2 potions of agility
 N - a potion of curing
 S - 2 potions of brilliance
 T - 2 potions of haste
Comestibles
 d - 27 rations
 h - 8 chunks of flesh


   Skills:
 + Level 1.2 Fighting
 + Level 6.2 Dodging
 + Level 4.6 Stealth
 + Level 18.6 Spellcasting
 + Level 10.9 Conjurations
 + Level 1.9 Hexes
 + Level 5.1 Charms
 + Level 7.1 Summonings
 + Level 8.8 Necromancy
 + Level 2.0 Translocations
 + Level 3.5 Fire Magic
 + Level 0.9 Air Magic
 + Level 1.0 Poison Magic
 + Level 2.7 Evocations


You had 4 spell levels left.
You knew the following spells:

 Your Spells              Type           Power        Failure   Level  Hunger
a - Magic Dart            Conj           ####         1%          1    None
b - Blink                 Tloc           N/A          1%          2    None
c - Call Imp              Summ           ######..     1%          2    None
d - Slow                  Hex            #####...     1%          2    None
e - Conjure Flame         Conj/Fire      ######..     1%          3    None
f - Mephitic Cloud        Conj/Pois/Air  ######..     1%          3    None
g - Regeneration          Chrm/Necr      ######....   1%          3    None
h - Sublimation of Blood  Necr           ######....   1%          2    None
i - Bolt of Draining      Conj/Necr      ######....   1%          5    None
j - Dispel Undead         Necr           ######..     1%          5    None
k - Swiftness             Chrm/Air       #####...     1%          2    None
l - Sticky Flame          Conj/Fire      ######..     1%          4    None
m - Fireball              Conj/Fire      ######....   2%          5    None
n - Death Channel         Necr           ######....   6%          6    #......


Dungeon Overview and Level Annotations

Branches:
Dungeon (10/15)            Temple (1/1) D:7            Lair (5/6) D:8
 Shoals (0/4) Lair:4       Spider (0/4) Lair:3        Slime (0/5) Lair:5
    Orc: D:9-12

Altars:
Cheibriados
Elyvilon
Gozag
Kikubaaqudgha
Makhleb
Trog
Vehumet
Xom
The Shining One

Shops:
D:4 =   D:7 (   D:8 *

Annotations:
D:6 1 runed door
Lair:4 exclusion: 4 oklob plants
Lair:5 exclusion: 3 oklob plants, Nessos


Message History

Okay, then.
Unknown command.
Unknown command.
Nessos shoots an arrow.
The arrow barely misses you.
You see here an arrow.
Casting: Mephitic Cloud
Confirm with . or Enter, or press ? or * to list all spells.
You blink.
Nessos shoots an arrow.
The arrow hits you.
* * * LOW HITPOINT WARNING * * *
The arrow burns you.
* * * LOW HITPOINT WARNING * * *
You see here an arrow.
As you read the scroll of teleportation, it crumbles to dust.
You feel strangely unstable.
Nessos shoots an arrow.
The arrow hits you!
* * * LOW HITPOINT WARNING * * *
The arrow burns you.
You die...
Kikubaaqudgha rasps: "You have failed me!
Welcome... death!"

.................................
#..#................#P###.#......
.# #................### ###P.....
## ##.........c.....## ##.....
#.................## ##....
###........#.#....#.##### #....
#.#.......c####.(..##...###....
#...........####c..............
####..........##@................
.P.#§.........###......P##.......
.........÷...## #....#.###.#.....
..(......#...# ##....####.#.....
#..#P....##..P###....####...#....
.###....##....##.................
# #P...##P...##.................
##.............................
#..............................


You could see Nessos.

Vanquished Creatures
  Gastronok (D:8)
  2 hydras
  A minotaur (Lab)
  A two-headed ogre (D:8)
  A death yak (Lair:4)
  The ghost of Kairos the Basher, a journeyman VSFi of Okawaru (Lair:1)
  Urug (Lair:3)
  A manticore (Lair:4)
  7 black mambas
  4 torpor snails (Lair:2)
  6 spiny frogs
  A rime drake (Lair:1)
  10 komodo dragons
  3 polar bears
  5 hippogriffs
  8 blink frogs (Lair:4)
  5 dream sheep (Lair:5)
  3 wyverns
  13 yaks
  2 basilisks
  A hungry ghost (Lab)
  6 water moccasins
  6 porcupines
  3 orc warriors
  3 ice beasts
  2 black bears
  3 phantoms
  3 sky beasts (D:9)
  5 ogres
  4 centaurs
  10 crocodiles
  13 bullfrogs
  4 scorpions
  7 killer bees (D:9)
  A howler monkey (D:6)
  An electric eel (Lair:4)
  4 crimson imps
  A centaur zombie (D:9)
  A hound (D:9)
  An orc priest (D:6)
  2 jellies (D:7)
  7 orc wizards
  Crazy Yiuf (D:7)
  A bullfrog skeleton (D:4)
  7 iguanas
  8 worker ants
  A hell rat (Lair:1)
  A hound zombie (D:7)
  2 gnolls (D:3)
  10 adders
  9 river rats (Lair:1)
  4 shadow imps
  4 oozes
  An adder zombie (D:5)
  An adder skeleton (D:8)
  4 worms
  3 dart slugs
  9 leopard geckos
  27 orcs
  5 giant cockroaches
  7 goblins
  8 hobgoblins
  9 jackals
  2 quokkas
  2 ball pythons
  18 bats
  6 frilled lizards
  2 jackal zombies
  6 kobolds
  9 rats
  A fungus (Lair:1)
332 creatures vanquished.

Vanquished Creatures (collateral kills)
  A two-headed ogre (D:8)
  A rime drake (Lair:3)
  A hippogriff (Lair:5)
  A dream sheep (Lair:5)
  Sigmund (D:5)
  A yak (Lair:3)
  A water moccasin (Lair:1)
  An orc warrior (D:4)
  An ogre (D:9)
  A centaur (D:5)
  2 bullfrogs
  2 scorpions
  A centaur zombie (D:9)
  2 hounds (D:7)
  2 orc priests (D:9)
  A hell rat (Lair:1)
  2 worker ants
  A gnoll (D:3)
  4 adders
  A worm (D:3)
  5 orcs
  A goblin (D:3)
  A hobgoblin (D:3)
  A kobold (D:3)
  A quokka (D:7)
  A fungus (Lair:5)
38 creatures vanquished.

Vanquished Creatures (others)
  An adder (D:7)
  A bush (Lair:4)
  7 fungi
  10 plants
19 creatures vanquished.

Grand Total: 389 creatures vanquished

Notes
Turn   | Place    | Note
-------+----------+-------------------------------------------
     0 | D:1      | Supreme the Deep Elf Wizard began the quest for the Orb.
     0 | D:1      | Reached XP level 1. HP: 10/10 MP: 7/7
   153 | D:1      | Reached XP level 2. HP: 8/15 MP: 3/9
   162 | D:1      | Learned a level 2 spell: Blink
   165 | D:1      | Learned a level 2 spell: Call Imp
   168 | D:1      | Learned a level 2 spell: Slow
   235 | D:1      | Reached skill level 5 in Spellcasting
   374 | D:1      | Found a glowing golden altar of the Shining One.
   689 | D:1      | Reached XP level 3. HP: 19/19 MP: 8/12
  1110 | D:2      | Learned a level 3 spell: Conjure Flame
  1114 | D:2      | Learned a level 3 spell: Mephitic Cloud
  1126 | D:2      | Reached skill level 6 in Spellcasting
  1179 | D:2      | Reached XP level 4. HP: 14/24 MP: 5/14
  1962 | D:3      | Reached XP level 5. HP: 27/28 MP: 4/16
  1994 | D:3      | Found a shimmering altar of Xom.
  2703 | D:4      | Noticed an ogre
  3012 | D:4      | Found Sataateo's Jewellery Emporium.
  3012 | D:4      | Noticed an orc warrior
  3207 | D:5      | Entered Level 5 of the Dungeon
  3207 | D:5      | Found a bloodstained altar of Trog.
  3212 | D:5      | Reached skill level 7 in Spellcasting
  3212 | D:5      | Reached XP level 6. HP: 32/32 MP: 2/18
  3434 | D:5      | Noticed an ice beast
  3569 | D:5      | Noticed Sigmund
  3818 | D:5      | Killed an ice beast
  3818 | D:5      | Reached skill level 8 in Spellcasting
  4135 | D:4      | Reached XP level 7. HP: 36/37 MP: 20/20
  4149 | D:4      | Found an ancient bone altar of Kikubaaqudgha.
  4156 | D:4      | Became a worshipper of Kikubaaqudgha
  4738 | D:5      | Killed Sigmund
  4738 | D:5      | Reached skill level 9 in Spellcasting
  4869 | D:6      | Reached skill level 1 in Fire Magic
  4949 | D:6      | Found an opulent altar of Gozag.
  5065 | D:6      | Reached XP level 8. HP: 19/42 MP: 23/23
  5289 | D:6      | Found a white marble altar of Elyvilon.
  5289 | D:6      | Found a runed door.
  5289 | D:6      | Noticed an angel
  5470 | D:6      | Reached * piety under Kikubaaqudgha
  5470 | D:6      | Identified Kikubaaqudgha's Papyrus of Necromancy (Kikubaaqudgha gifted it to you on level 6 of the Dungeon)
  5470 | D:6      | Received a gift from Kikubaaqudgha
  5470 | D:6      | Reached skill level 5 in Conjurations
  5473 | D:6      | Found a burning altar of Makhleb.
  5552 | D:6      | Reached skill level 10 in Spellcasting
  5854 | D:7      | Found Deesmuwu's Weapon Shoppe.
  5938 | D:7      | Found a staircase to the Ecumenical Temple.
  5947 | Temple   | Entered the Ecumenical Temple
  6064 | D:7      | Reached skill level 1 in Evocations
  6094 | D:7      | Found a glowing golden altar of the Shining One.
  6775 | D:7      | Reached skill level 11 in Spellcasting
  6838 | D:7      | Found a radiant altar of Vehumet.
  6838 | D:7      | Found a white marble altar of Elyvilon.
  6913 | D:7      | Found a runed door.
  6919 | D:7      | Noticed Crazy Yiuf
  6942 | D:7      | Killed Crazy Yiuf
  6959 | D:7      | Got a twisted mace
  7105 | D:7      | Reached XP level 9. HP: 40/46 MP: 24/26
  7280 | D:8      | Reached ** piety under Kikubaaqudgha
  7309 | D:8      | Noticed a two-headed ogre
  7376 | D:8      | Noticed a two-headed ogre
  7458 | D:8      | Found Wefevick's General Store.
  7466 | D:8      | Bought a potion of degeneration for 13 gold pieces
  7466 | D:8      | Bought 3 scrolls of identify for 78 gold pieces
  7466 | D:8      | Identified the +1 mace of Recklessness {freeze, rF+ Str+3 Int-4} (You found it on level 7 of the Dungeon)
  7500 | D:8      | Found a staircase to the Lair.
  7503 | D:8      | Noticed a komodo dragon
  7547 | D:8      | Killed a komodo dragon
  7547 | D:8      | Reached skill level 12 in Spellcasting
  7667 | D:8      | Killed a two-headed ogre
  7882 | D:8      | Noticed Gastronok
  7926 | D:8      | Learned a level 3 spell: Regeneration
  8024 | D:8      | Killed a two-headed ogre
  8024 | D:8      | Reached skill level 13 in Spellcasting
  8024 | D:8      | Reached XP level 10. HP: 27/51 MP: 16/29
  8404 | D:9      | Got a smoking ring mail
  8481 | D:9      | Reached skill level 14 in Spellcasting
  8487 | D:9      | Identified the +2 ring mail of Mumood {rCorr Str+7 Dex-4 Slay+3} (You found it on level 9 of the Dungeon)
  8683 | D:8      | Learned a level 2 spell: Sublimation of Blood
  8685 | Lair:1   | Entered Level 1 of the Lair of Beasts
  8917 | Lair:1   | Reached skill level 5 in Summonings
  9050 | Lair:1   | Noticed Kairos's ghost (journeyman VSFi)
  9300 | D:10     | Entered Level 10 of the Dungeon
  9388 | D:9      | Reached *** piety under Kikubaaqudgha
  9388 | D:9      | Identified Kikubaaqudgha's Tome of Unholy Rites (Kikubaaqudgha gifted it to you on level 9 of the Dungeon)
  9388 | D:9      | Received a gift from Kikubaaqudgha
  9388 | D:9      | Reached skill level 1 in Necromancy
  9396 | D:9      | Learned a level 5 spell: Bolt of Draining
  9730 | D:9      | Reached skill level 5 in Dodging
  9949 | D:10     | Noticed a two-headed ogre
 10202 | D:8      | Killed Gastronok
 10202 | D:8      | Reached skill level 15 in Spellcasting
 10202 | D:8      | Reached skill level 1 in Hexes
 10202 | D:8      | Reached XP level 11. HP: 37/55 MP: 28/32
 10229 | D:8      | Learned a level 5 spell: Dispel Undead
 10325 | Lair:1   | Killed Kairos's ghost
 10325 | Lair:1   | Reached skill level 1 in Poison Magic
 10392 | Lair:1   | Reached skill level 1 in Fighting
 10944 | Lair:2   | Reached **** piety under Kikubaaqudgha
 11121 | Lair:2   | Found a labyrinth entrance.
 11130 | Lab      | Entered a labyrinth
 11475 | Lab      | Noticed a minotaur
 11504 | Lab      | Killed a minotaur
 11504 | Lab      | Reached skill level 16 in Spellcasting
 11504 | Lab      | Reached skill level 1 in Charms
 11504 | Lab      | Reached skill level 5 in Necromancy
 11521 | Lab      | Identified Foluynna's Almanac of Lucky Battle Magic
 11523 | Lab      | Got an iridescent great sword
 11524 | Lab      | Identified the +9 great sword of Calamity {flame, *Contam MR++ Int+5} (You found it in a labyrinth)
 11532 | Lab      | Learned a level 2 spell: Swiftness
 12170 | Lair:2   | Found a snail-covered altar of Cheibriados.
 12413 | Lair:3   | Reached XP level 12. HP: 60/60 MP: 15/34
 12625 | Lair:3   | Noticed Urug
 12635 | Lair:3   | Killed Urug
 12670 | Lair:3   | Found a hole to the Spider Nest.
 12674 | Lair:3   | Reached skill level 17 in Spellcasting
 13218 | Lair:4   | Found a staircase to the Shoals.
 13229 | Lair:4   | Reached skill level 10 in Conjurations
 13301 | Lair:4   | Noticed a five-headed hydra
 13503 | Lair:5   | Reached ***** piety under Kikubaaqudgha
 13807 | Lair:4   | Noticed a five-headed hydra
 13815 | Lair:4   | Killed a five-headed hydra
 13815 | Lair:4   | Reached skill level 18 in Spellcasting
 13821 | Lair:4   | Reached skill level 5 in Charms
 14116 | Lair:4   | Learned a level 4 spell: Sticky Flame
 14120 | Lair:4   | Noticed a death yak
 14140 | Lair:4   | Killed a death yak
 14354 | Lair:4   | Got a tattered robe
 14355 | Lair:4   | Identified the +1 robe of Summer {-Cast MR+ rCorr} (You found it on level 4 of the Lair of Beasts)
 14362 | Lair:4   | Learned a level 5 spell: Fireball
 14734 | D:8      | Learned a level 6 spell: Death Channel
 14761 | D:8      | Identified a scroll of acquirement
 14778 | Lair:1   | Found the +7 Kryia's mail coat {PotionHeal*2 rC+}
 14900 | Lair:5   | Reached XP level 13. HP: 55/65 MP: 27/37
 15271 | Lair:5   | Found a staircase to the Slime Pits.
 15329 | Lair:5   | Noticed Nessos
 15349 | Lair:5   | HP: 3/65 [poisoned by Nessos]
 15360 | Lair:5   | HP: 3/65 [Nessos/arrow (16)]
 15360 | Lair:5   | Shot with an arrow by Nessos

Skill      XL: |  1  2  3  4  5  6  7  8  9 10 11 12 |
---------------+-------------------------------------+-----
Spellcasting   | 5 6 7 8 9 11 13 15 16 18 | 18.6
Dodging        | 3 4 5 6 |  6.2
Conjurations   | 2 3 4 5 7 9 10 | 10.9
Stealth        | 3 4 |  4.6
Summonings     | 2 3 4 5 6 7 |  7.1
Fire Magic     | 1 2 3 |  3.5
Evocations     | 2 |  2.7
Necromancy     | 3 6 8 |  8.8
Hexes          | 1 |  1.9
Poison Magic   | 1 |  1.0
Fighting       | 1 |  1.2
Charms         | 2 5 |  5.1
Translocations | 2 |  2.0
Air Magic      | |  0.9

Action                   |  1- 3 |  4- 6 |  7- 9 | 10-12 | 13-15 || total
-------------------------+-------+-------+-------+-------+-------++-------
Melee: Dagger            |     1 |       |       |       |       ||     1
       Short sword       |    33 |    33 |    73 |   195 |     7 ||   341
       Spear             |       |       |       |     5 |       ||     5
 Fire: Blowgun           |       |       |       |     8 |       ||     8
 Cast: Magic Dart        |    92 |   169 |   313 |   388 |     2 ||   964
       Call Imp          |       |    25 |    41 |    74 |     3 ||   143
       Conjure Flame     |       |     9 |    22 |    45 |       ||    76
       Mephitic Cloud    |       |     1 |     6 |     8 |       ||    15
       Blink             |       |       |     3 |    19 |     1 ||    23
       Slow              |       |       |     1 |     5 |       ||     6
       Regeneration      |       |       |     1 |    39 |     3 ||    43
       Sublimation of Bl |       |       |       |    63 |     1 ||    64
       Bolt of Draining  |       |       |       |   110 |    15 ||   125
       Dispel Undead     |       |       |       |     3 |       ||     3
       Fireball          |       |       |       |       |     1 ||     1
       Death Channel     |       |       |       |       |     1 ||     1
Evoke: Wand              |       |       |       |     6 |       ||     6
  Use: Potion            |       |     1 |       |     2 |     1 ||     4
       Scroll            |       |       |    12 |    14 |     4 ||    30
 Stab: Sleeping          |     3 |     2 |     4 |     4 |       ||    13
       Confused          |       |       |     1 |       |       ||     1
  Eat: Chunk             |     1 |     8 |    12 |    24 |     2 ||    47
Armor: Robe              |     9 |    15 |    16 |    88 |     2 ||   130
       Skin              |       |       |       |     2 |       ||     2
Dodge: Dodged            |    40 |    48 |    52 |   186 |     7 ||   333
